 Dungeon Crawl Stone Soup version 0.30.0 (webtiles) character file.

Game seed: 4559270465776541535

51 samcosmo the Firebug (level 3, -2/28 HPs)
             Began as a Draconian Fire Elementalist on July 24, 2023.
             Slain by a goblin
             ... wielding a +0 club
             ... led by Robin
              (6 damage)
             ... on level 2 of the Dungeon.
             The game lasted 00:02:51 (1190 turns).

samcosmo the Firebug (Draconian Fire Elementalist)  Turns: 1190, Time: 00:02:52

Health: -2/28      AC:  5    Str: 10    XL:     3   Next: 57%
Magic:  7/7        EV: 12    Int: 17    God:
Gold:   109        SH:  0    Dex: 11    Spells: 5/8 levels left

rFire   . . .        l - +2 dagger (speed)
rCold   . . .        (no shield)
rNeg    . . .        (body armour unavailable)
rPois   .            (helmet restricted)
rElec   .            (no cloak)
rCorr   .            (no gloves)
SInv    .            (no boots)
Will    .....        (no amulet)
Stlth   ++           k - +4 ring of slaying
HPRegen 0.24/turn    (no ring)
MPRegen 0.10/turn

%: no passive effects
@: no status effects
A: AC +5, unfitting armour, cold-blooded
a: no special abilities


You were on level 2 of the Dungeon.
You visited 1 branch of the dungeon, and saw 2 of its levels.

You collected 109 gold pieces.

Inventory:

Hand Weapons
 b - a +0 dagger of venom
 h - a +2 dagger of venom
 l - a +2 dagger of speed (weapon)
Jewellery
 k - a +4 ring of slaying (left hand)
Scrolls
 e - a scroll of fog {unknown}
 f - 2 scrolls of poison {unknown}
 g - a scroll of magic mapping {unknown}
 i - 2 scrolls of amnesia {unknown}
 j - a scroll of teleportation {unknown}
 m - a scroll of identify {unknown}
Potions
 a - a potion of magic
 c - a potion of curing {unknown}
 d - a potion of brilliance {unknown}


   Skills:
 + Level 1.5 Fighting
 - Level 1.7 Dodging
 - Level 1.7 Stealth
 * Level 3.0 Spellcasting
 - Level 1.0 Conjurations
 + Level 3.4 Fire Magic


You had 5 spell levels left.
You knew the following spells:

 Your Spells              Type           Power      Damage    Failure   Level
a - Foxfire               Conj/Fire      40%        2x1d6     7%          1
b - Scorch                Fire           28%        2d6       6%          2

Your spell library contained the following spells:

 Spells                   Type           Power      Damage    Failure   Level
 Inner Flame              Hex/Fire       8%         N/A       26%         3
 Volatile Blastmotes      Fire/Tloc      16%        2d11      26%         3
 Flame Wave               Conj/Fire      10%        2d6       56%         4


Dungeon Overview and Level Annotations

Branches:
Dungeon (2/15)

Altars:
Qazlal

Annotations:
D:2 Robin


Innate Abilities, Weirdness & Mutations

Your plain brown scales are hard. (AC +5)
You cannot fit into any form of body armour.
You are cold-blooded and may be slowed by cold attacks.


Message History

You hit the hobgoblin.
The hobgoblin is almost dead.
Robin roars a battlecry!
The hobgoblin goes into a battle-frenzy!
The hobgoblin hits you. The goblin completely misses you.
The goblin barely misses you.
You are too injured to fight recklessly!
You are too injured to fight recklessly!
Unknown command.
You barely miss the goblin. You closely miss the goblin.
You tail-slap the goblin.
The goblin is severely wounded.
The goblin no longer looks unusually strong. x2
The hobgoblin closely misses you. The goblin hits you with a +0 club.
* * * LOW HITPOINT WARNING * * *
The goblin closely misses you.
You closely miss the goblin.
The goblin is severely wounded.
The hobgoblin hits you.
* * * LOW HITPOINT WARNING * * *
The goblin hits you with a +0 club.
* * * LOW HITPOINT WARNING * * *
The goblin misses you.
Okay, then.
Okay, then.
Robin roars a battlecry!
The goblin goes into a battle-frenzy!
The goblin closely misses you. The goblin hits you but does no damage.
You see here a +0 dagger.
The hobgoblin no longer looks unusually strong.
The goblin closely misses you. The goblin hits you but does no damage.
The goblin attacks as you move away! The goblin closely misses you.
Robin says, "Kneel, worm!"
Robin roars a battlecry!
The goblins go into a battle-frenzy!
The hobgoblin attacks as you move away! The hobgoblin hits you.
* * * LOW HITPOINT WARNING * * *
The goblin attacks as you move away! The goblin hits you but does no damage.
The goblin attacks as you move away! The goblin hits you with a +0 club.
You die...

##########......###......#..####
#......###.####.#.##
#..........# #.#)# #.......####
#...# ####....#######..######
#### #.......##..........# .....
##.......##.)........#
......##...g................#
......)g).gg@...............#
......##.._g.#.###..#.###....
##### #.......# ##.#.# ####
........### ..... ##...####
#...... ##### #.)....# ########


You could see Robin (resistant), 2 hobgoblins and 2 goblins.

Vanquished Creatures
  A gnoll (D:1)
  An adder (D:2)
  3 bats
  3 endoplasms
  2 giant cockroaches (D:1)
  12 goblins
  A quokka (D:2)
  A frilled lizard (D:1)
  2 kobolds (D:2)
  3 rats
29 creatures vanquished.

Vanquished Creatures (others)
  62 foxfires
62 creatures vanquished.

Grand Total: 91 creatures vanquished

Notes
Turn   | Place    | Note
-------+----------+-------------------------------------------
     0 | D:1      | samcosmo the Draconian Fire Elementalist began the quest
                  | for the Orb.
     0 | D:1      | Reached XP level 1. HP: 14/14 MP: 3/3
   337 | D:1      | Reached XP level 2. HP: 21/22 MP: 0/5
   350 | D:1      | Reached skill level 1 in Fighting
   392 | D:1      | Learned a level 2 spell: Scorch
   858 | D:2      | Reached XP level 3. HP: 28/28 MP: 4/7
   923 | D:2      | Found a stormy altar of Qazlal.
  1164 | D:2      | Noticed Robin
  1190 | D:2      | Slain by a goblin

Illustrated notes

Levels and vault maps discovered:
D:1:      dpeg_arrival_shrine, layout_basic, serial_forest,
          infiniplex_forest_lined_3, infiniplex_forest_join,
          infiniplex_forest_pool, infiniplex_forest_straight_3,
          infiniplex_forest_lined_room_2, infiniplex_forest_corner_1
D:2:      layout_rooms, basic_altar, uniq_robin

Skill      XL: |  1  2  3 |
---------------+----------+-----
Fighting       | 1 |  1.5
Spellcasting   | 3 |  3.0
Dodging        | |  1.7
Stealth        | |  1.7
Conjurations   | |  1.0
Fire Magic     | |  3.4

Action                     || total
---------------------------++-------
  Melee: Dagger            ||    40
         Unarmed           ||     1
         Tailslap          ||     9
         Punch             ||     1
   Cast: Foxfire           ||    34
 Armour: Skin              ||    22
  Dodge: Dodged            ||    45
